 Dungeon Crawl Stone Soup version 0.18.1-50-g88ac8fd (webtiles) character file.

179 wolfsongas the Ruffian (level 5, -2/33 HPs)
             Began as a Gargoyle Monk on May 1, 2017.
             Slain by an orc (4 damage)
             ... on level 3 of the Dungeon.
             The game lasted 00:20:36 (3284 turns).

wolfsongas the Ruffian (Gargoyle Monk)              Turns: 3284, Time: 00:20:37

Health: -2/33      AC:  7    Str: 15    XL:     5   Next: 59%
Magic:  5/5        EV: 13    Int: 10    God:
Gold:   119        SH:  0    Dex: 13    Spells: 0 memorised, 4 levels left

rFire  . . .     SeeInvis .       - Unarmed
rCold  . . .     Gourm    .     e - +0 leather armour
rNeg   + . .     Faith    .     (no shield)
rPois  ∞         Spirit   .     (no helmet)
rElec  +         Dismiss  .     (no cloak)
rCorr  .         Reflect  .     (no gloves)
SustAt .         Harm     .     (no boots)
MR     .....                    (no amulet)
Stlth  ++........               (no ring)
                                (no ring)

@: not resistant to hostile enchantments, unstealthy
A: fangs 1, hooves 1, negative energy resistance 1, electricity resistance,
unbreathing, petrification resistance, rot immunity, AC +4
a: no special abilities


You were on level 3 of the Dungeon.
You were not hungry.

You visited 1 branch of the dungeon, and saw 3 of its levels.

You collected 119 gold pieces.

Inventory:

Hand Weapons
 d - a +0 flail
 h - a +1 club
 l - a +0 hunting sling
 q - a +0 mace
Missiles
 c - 17 poisoned needles
 m - 56 stones (quivered)
Armour
 a - a +0 robe
 e - a +0 leather armour (worn)
 f - a +0 animal skin
 g - a +0 chain mail
 i - a +0 helmet
 j - a +0 buckler
 o - a cursed +0 plate armour
Potions
 k - a potion of flight
Comestibles
 b - 2 bread rations
 n - a meat ration
 p - 3 chunks of flesh


   Skills:
 + Level 3.9 Fighting
 + Level 2.0 Armour
 + Level 3.6 Dodging
 + Level 2.4 Stealth
 + Level 4.8 Unarmed Combat


You had 4 spell levels left.
You didn't know any spells.

Dungeon Overview and Level Annotations

Branches:
Dungeon (3/15)

Altars:


Innate Abilities, Weirdness & Mutations

You are resistant to torment.
Your stone body is resilient (AC +4).
You are immune to poison.
You resist negative energy.
You are resistant to electric shocks.
You can survive without breathing.
You are immune to petrification.
You are immune to rotting.
You have very sharp teeth.
You have large cloven feet.


Message History

You closely miss the adder. Your kick misses the adder.
Your bite misses the adder. Something hits you but does no damage.
The orc misses you. The adder misses you.
You hit the orc but do no damage. You kick the orc, but do no damage.
The orc is lightly wounded.
Something hits you but does no damage. The adder closely misses you.
The orc barely misses you.
You hit the adder. Your kick misses the adder.
The adder is lightly wounded.
The adder bites you but does no damage. Something hits you but does no damage.
The orc closely misses you.
You hit the orc but do no damage. Your kick misses the orc.
The orc is lightly wounded.
The adder bites you but does no damage.
You hear some strange, mumbled words.
A magic dart appears from out of thin air!
The magic dart hits you!
* * * LOW HITPOINT WARNING * * *
The orc hits you.
You die...

#.###.#.#. .......
#.##....#. #......
#.##..###. ......
#.##..#(.. ....
#.##..###. ... #.##..#
#. #.# #.##..###.
.######o### #.##......
.......@..#####.##†#####
.#.....S...†....##.####
#.....................
#.#################### #


You could see an adder and an orc.

Vanquished Creatures
  A scorpion (D:3)
  Robin (D:2)
  5 adders
  A worm (D:2)
  A dart slug (D:2)
  2 giant geckos
  7 orcs (D:3)
  8 bats
  2 giant cockroaches
  14 goblins
  6 hobgoblins
  3 jackals (D:1)
  3 kobolds
  A quokka (D:2)
  A ball python (D:1)
  A giant newt (D:2)
  6 rats
63 creatures vanquished.

Notes
Turn   | Place    | Note
--------------------------------------------------------------
     0 | D:1      | wolfsongas the Gargoyle Monk began the quest for the Orb.
     0 | D:1      | Reached XP level 1. HP: 14/14 MP: 1/1
     3 | D:1      | Noticed an electric eel
     4 | D:1      | Noticed an electric eel
   147 | D:1      | Reached XP level 2. HP: 16/19 MP: 2/2
   987 | D:2      | Reached XP level 3. HP: 23/23 MP: 3/3
  1348 | D:2      | Noticed Robin
  1358 | D:2      | Gained mutation: You have large cloven feet. [potion of mutation]
  1358 | D:2      | Gained mutation: You have very sharp teeth. [potion of mutation]
  1373 | D:2      | Killed Robin
  1382 | D:2      | Reached XP level 4. HP: 11/28 MP: 4/4
  1408 | D:2      | HP: 1/28 [goblin/stone[Robin] (1)]
  2427 | D:3      | Reached skill level 1 in Armour
  2795 | D:3      | HP: 1/29 [scorpion (4)]
  2824 | D:3      | Reached XP level 5. HP: 18/33 MP: 5/5
  3284 | D:3      | Slain by an orc

Skill      XL: |  1  2  3  4  5 |
---------------+----------------+-----
Dodging        | 3 |  3.6
Armour         | 1 2 |  2.0
Fighting       | |  3.9
Stealth        | |  2.4
Unarmed Combat | |  4.8

Action                   |  1- 3 |  4- 6 || total
-------------------------+-------+-------++-------
Melee: Unarmed           |   117 |   161 ||   278
       Kick              |     8 |    31 ||    39
       Bite              |     1 |    12 ||    13
       Punch             |       |     2 ||     2
Throw: Stone             |       |     2 ||     2
  Use: Scroll            |     5 |     1 ||     6
       Potion            |     1 |     1 ||     2
 Stab: Sleeping          |     1 |       ||     1
  Eat: Chunk             |     1 |       ||     1
       Meat ration       |       |     1 ||     1
       Bread ration      |       |     1 ||     1
Armor: Robe              |    24 |       ||    24
       Leather armour    |    30 |    68 ||    98
Dodge: Dodged            |   118 |   131 ||   249
